 Dungeon Crawl Stone Soup version 0.26-a0-200-g62faa89a7e (webtiles) character file.

Game seed: 14894864935182815073

0 Gargoyl the Skirmisher (level 1, -30/15 HPs)
             Began as a Centaur Abyssal Knight on July 5, 2020.
             Was a Follower of Lugonu.
             Annihilated by a tentacled starspawn (38 damage)
             ... on level 3 of the Abyss.
             The game lasted 00:00:17 (89 turns).

Gargoyl the Skirmisher (Centaur Abyssal Knight)       Turns: 89, Time: 00:00:17

Health: -30/15     AC:  4    Str: 14    XL:     1   Next: 0%
Magic:  2/2        EV:  9    Int: 11    God:    Lugonu [*.....]
Gold:   53         SH:  0    Dex:  8    Spells: 0/0 levels left

rFire    . . .     SeeInvis .   a - +1 hand axe
rCold    . . .     Faith    .   (no shield)
rNeg     . . .     Spirit   .   b - +0 leather armour
rPois    .         Reflect  .   (no helmet)
rElec    .         Harm     .   (no cloak)
rCorr    .                      (no gloves)
MR       .....                  (no barding)
Stlth    ..........             (no amulet)
HPRegen  0.05/turn              (no ring)
MPRegen  0.08/turn              (no ring)

@: weakened, very quick
A: large, hooves 3, deformed body, speed 2, [frail 2], tough skin 3, [subdued
magic 2]
a: Depart the Abyss, Renounce Religion


You were on level 3 of the Abyss.
You worshipped Lugonu.
Lugonu was aware of your devotion.
You were not hungry.

You visited 0 branches of the dungeon, and saw 0 of its levels.
You visited the Abyss 1 time.

You collected 53 gold pieces.

Inventory:

Hand Weapons
 a - a +1 hand axe (weapon)
Armour
 b - a +0 leather armour (worn)
Comestibles
 c - 2 rations


   Skills:
 + Level 3.0 Fighting
 + Level 1.7 Axes
 + Level 1.3 Armour
 + Level 0.6 Dodging
 + Level 2.0 Invocations


You couldn't memorise any spells.
You didn't know any spells.
Your spell library was empty.

Dungeon Overview and Level Annotations

Branches:
Dungeon (0/15)

Altars:


Innate Abilities, Weirdness & Mutations

You have hooves in place of feet.
Armour fits poorly on your strangely shaped body.
You cover ground very quickly.
You have extremely tough skin. (AC +3)
[You are very frail. (-20% HP)]
[Your spells are easier to cast, but less powerful.]


Message History

The iron imp shouts, "Quit, thou lumpish beef-witted measle!"
The hell hound barks!
Found a transporter.
The crimson imp shouts!
The shock serpent changes into a slime creature!
Found four items.
Found a warped golden ring.
Found a corrupted altar of Lugonu.
The orange demon screeches!
The slime creature changes into an ice dragon!
There is a transporter here.
You enter the transporter and appear at another place.
The wretched star pulses with an eldritch light!
You feel frail. x2; Your connection to magic feels subdued.
Your connection to magic feels more subdued.
You feel yourself growing ill in the presence of the ancient zyme.
The orange demon closely misses you. The orange demon hits you!
You feel your attacks grow feeble. The tentacled starspawn bites you!!!
Ouch! That really hurt!
You die...

. .4....
##=X##...##..## . ..
.# .#?.###...##..$# .
....##.#)...##§##D...#
..... .
####.X.###5..### .....
. # ##..x.h5.##
..##..... . ##..x..##
#..# ##.#. # #.XX.X#
#....... ##.*X4.## .
.§...##.# #...@xx.#
#.4..# .####...###.X.#
#..#.. #..##©##..).# #
... #.$.##...###?.#
....## ##© #...# ##
.#... .. # ..... ∩..
.. .#.#. . #. .
###.#..


You could see a starcursed mass, 2 tentacled monstrosities, an ice dragon shaped
shifter, 3 tentacled starspawn, a wretched star, an orange demon, an ancient
zyme, 2 worldbinders, a hell hound, a small abomination, an iron imp and a
crimson imp.

Vanquished Creatures (others)
  2 starspawn tentacles (Abyss:2)
2 creatures vanquished.

Notes
Turn   | Place    | Note
-------+----------+-------------------------------------------
     0 | Abyss:1  | Gargoyl the Centaur Abyssal Knight began the quest for the
                  | Orb.
     0 | Abyss:1  | Reached XP level 1. HP: 19/19 MP: 2/2
    50 | Abyss:2  | Noticed a tentacled starspawn
    63 | Abyss:3  | Noticed an orange demon
    82 | Abyss:3  | Noticed a shock serpent
    82 | Abyss:3  | Noticed a hell hound
    83 | Abyss:3  | Found a transporter.
    83 | Abyss:3  | Noticed an iron imp
    84 | Abyss:3  | Noticed a starcursed mass
    84 | Abyss:3  | Noticed a small abomination
    84 | Abyss:3  | Noticed a crimson imp
    84 | Abyss:3  | Noticed a slime creature
    84 | Abyss:3  | a shock serpent changed into a slime creature
    85 | Abyss:3  | Found a corrupted altar of Lugonu.
    85 | Abyss:3  | Noticed a worldbinder
    86 | Abyss:3  | Noticed a tentacled starspawn
    86 | Abyss:3  | Noticed a tentacled monstrosity
    86 | Abyss:3  | Noticed a tentacled monstrosity
    86 | Abyss:3  | Noticed a tentacled starspawn
    87 | Abyss:3  | Noticed an orange demon
    87 | Abyss:3  | Noticed a wretched star
    87 | Abyss:3  | Noticed a worldbinder
    88 | Abyss:3  | Noticed an ice dragon
    88 | Abyss:3  | a slime creature changed into an ice dragon
    88 | Abyss:3  | Noticed an ancient zyme
    88 | Abyss:3  | Noticed a tentacled starspawn
    89 | Abyss:3  | Annihilated by a tentacled starspawn

Illustrated notes

Levels and vault maps discovered:
Abyss:3:  gammafunk_corrupted_shrine,
          evilmike_nicolae_abyss_rune_containment_curve, minivault_22,
          minivault_26

Action                   || total
-------------------------++-------
Dodge: Dodged            ||     1

Table legend:
 A = Non-vault XP
 B = Vault XP
 C = Vault XP percentage of total XP
 D = Non-vault monster count
 E = Vault monster count
 F = Vault count percentage of total count
                 A         B        C        D         E       F
            +---------+---------+-------+---------+---------+-------
      Total |       0 |       0 |   N/A |       0 |       0 |  -nan
            +---------+---------+-------+---------+---------+-------
            +---------+---------+-------+---------+---------+-------
